 Dungeon Crawl Stone Soup version 0.21.1-1-g345015f (webtiles) character file.

307 robertstho the Stinger (level 6, -1/33 HPs)
             Began as a Gargoyle Venom Mage on Feb 6, 2018.
             Slain by an ice beast (4 damage)
             ... on level 5 of the Dungeon.
             The game lasted 00:12:51 (3845 turns).

robertstho the Stinger (Gargoyle Venom Mage)        Turns: 3845, Time: 00:12:51

Health: -1/33      AC:  9    Str: 11    XL:     6   Next: 40%
Magic:  4/11       EV: 10    Int: 18    God:
Gold:   244        SH:  0    Dex: 10    Spells: 8/12 levels left

rFire    x . .     SeeInvis .   m - +0 whip (freeze)
rCold    + . .     Gourm    .   (no shield)
rNeg     + . .     Faith    .   u - +2 ring mail {MR+}
rPois    ∞         Spirit   .   (no helmet)
rElec    +         Reflect  .   (no cloak)
rCorr    .         Harm     .   (no gloves)
MR       +....                  (no boots)
Stlth    +.........             (no amulet)
HPRegen  0.11/turn              q - ring of ice
MPRegen  0.12/turn              (no ring)

@: no status effects
A: talons 1, deformed body, negative energy resistance 1, electricity
resistance, unbreathing, petrification resistance, rot immunity, AC +4
a: no special abilities


You were on level 5 of the Dungeon.
You were hungry.

You visited 1 branch of the dungeon, and saw 5 of its levels.

You collected 244 gold pieces.

Inventory:

Hand Weapons
 e - a +0 vampiric dagger
 m - a +0 whip of freezing (weapon)
Missiles
 f - 124 stones (quivered)
 k - 59 sling bullets
Armour
 a - a +0 robe
 u - a +2 ring mail of magic resistance (worn)
Jewellery
 q - a ring of ice (left hand)
 x - an uncursed ring of fire
Wands
 n - a wand of disintegration (14)
 t - a wand of scattershot (4)
Scrolls
 g - a scroll of immolation {unknown}
 j - 2 scrolls of enchant weapon {unknown}
 l - a scroll of remove curse
 p - a scroll of teleportation
 r - 3 scrolls of identify
Potions
 h - a potion of ambrosia
 i - 2 potions of flight
 w - a potion of lignification {unknown}
Books
 b - a Young Poisoner's Handbook

   Spells                             Type                      Level
   a - Sting                          Conjuration/Poison           1
   b - Poisonous Vapours              Poison/Air                   2
   c - Mephitic Cloud                 Conjuration/Poison/Air       3
   d - Olgreb's Toxic Radiance        Poison                       4
   e - Venom Bolt                     Conjuration/Poison           5
Comestibles
 c - 8 rations


   Skills:
 + Level 0.3 Fighting
 - Level 0.3 Short Blades
 * Level 1.0 Maces & Flails
 * Level 2.1 Armour
 - Level 1.5 Dodging
 - Level 2.1 Stealth
 * Level 3.5 Spellcasting
 + Level 2.8 Conjurations
 * Level 4.7 Poison Magic


You had 8 spell levels left.
You knew the following spells:

 Your Spells              Type           Power        Failure   Level  Hunger
a - Sting                 Conj/Pois      ###.         8%          1    None
b - Mephitic Cloud        Conj/Pois/Air  ##......     36%         3    ###....


Dungeon Overview and Level Annotations

Branches:
Dungeon (5/15)
 Temple: D:4-7

Altars:
Gozag
Okawaru
Ru


Innate Abilities, Weirdness & Mutations

You are resistant to torment.
Your stone body is resilient. (AC +4)
You are immune to poison.
You resist negative energy. (rN+)
You are resistant to electric shocks. (rElec)
You can survive without breathing.
You are immune to petrification.
You are immune to rotting.
You have sharp toenails.
Armour fits poorly on your strangely shaped body.


Message History

* * * LOW HITPOINT WARNING * * *
The ice beast hits you.
* * * LOW HITPOINT WARNING * * *
The ice beast freezes you. You resist.
* * * LOW HITPOINT WARNING * * *
You barely miss the ice beast.
The ice beast is almost dead.
The ice beast hits you but does no damage.
You closely miss the ice beast.
The ice beast is almost dead.
The ice beast misses you.
You hit the ice beast but do no damage. Your kick misses the ice beast.
The ice beast is almost dead.
The ice beast hits you but does no damage.
You hit the ice beast.
The ice beast is almost dead.
The ice beast hits you.
* * * LOW HITPOINT WARNING * * *
The ice beast freezes you. You resist.
You die...

.. .## ..# .....
... ..#......#
###.## #........#
#.....##.+......#
.......#.#......#
......)#........#
..._.ooY........#
.......#@.......#
.......#........#
#....)##.#......#
###.## #$#......#
... ..#......# ###
####......#
##########......#
.............#####
.............#


You could see an ice beast, an orc wizard and an orc.

Vanquished Creatures
  A scorpion (D:4)
  An orc priest (D:4)
  A bullfrog skeleton (D:4)
  Ijyb (D:3)
  2 worker ants
  3 adders
  A shadow imp (D:3)
  An ooze (D:2)
  An adder zombie (D:5)
  3 worms
  2 dart slugs
  A leopard gecko (D:5)
  3 orcs
  4 giant cockroaches
  6 goblins
  3 hobgoblins
  7 jackals
  3 quokkas (D:2)
  2 ball pythons
  6 bats
  4 frilled lizards
  9 kobolds
  12 rats
77 creatures vanquished.

Notes
Turn   | Place    | Note
-------+----------+-------------------------------------------
     0 | D:1      | robertstho the Gargoyle Venom Mage began the quest for the Orb.
     0 | D:1      | Reached XP level 1. HP: 10/10 MP: 3/3
   317 | D:1      | Reached XP level 2. HP: 15/15 MP: 3/5
  1491 | D:2      | Reached XP level 3. HP: 15/19 MP: 1/6
  1499 | D:2      | Learned a level 3 spell: Mephitic Cloud
  1939 | D:2      | Reached XP level 4. HP: 20/24 MP: 1/7
  2018 | D:2      | Reached skill level 4 in Poison Magic
  2201 | D:2      | Found a sacrificial altar of Ru.
  2759 | D:3      | Noticed Ijyb
  2807 | D:3      | Killed Ijyb
  2976 | D:3      | Reached XP level 5. HP: 28/28 MP: 3/9
  3166 | D:3      | Reached skill level 1 in Armour
  3471 | D:4      | Reached XP level 6. HP: 20/32 MP: 0/11
  3535 | D:4      | Noticed a phantom
  3547 | D:5      | Entered Level 5 of the Dungeon
  3729 | D:5      | Found an opulent altar of Gozag.
  3790 | D:5      | Noticed an ice beast
  3790 | D:5      | Found an iron altar of Okawaru.
  3801 | D:5      | Reached skill level 1 in Maces & Flails
  3810 | D:5      | Gained mutation: Armour fits poorly on your strangely shaped body. [potion of mutation]
  3810 | D:5      | Gained mutation: You have sharp toenails. [potion of mutation]
  3845 | D:5      | Slain by an ice beast

Skill      XL: |  1  2  3  4  5  6 |
---------------+-------------------+-----
Conjurations   | 2 |  2.8
Poison Magic   | 4 |  4.7
Spellcasting   | 3 |  3.5
Armour         | 1 2 |  2.1
Maces & Flails | 1 |  1.0
Fighting       | |  0.3
Short Blades   | |  0.3
Dodging        | |  1.5
Stealth        | |  2.1

Action                   |  1- 3 |  4- 6 || total
-------------------------+-------+-------++-------
Melee: Dagger            |    71 |    26 ||    97
       Unarmed           |     2 |       ||     2
       Whip              |       |   157 ||   157
       Kick              |       |     5 ||     5
 Cast: Sting             |    68 |    93 ||   161
  Use: Scroll            |     2 |     4 ||     6
       Potion            |       |     3 ||     3
  Eat: Ration            |     1 |       ||     1
       Chunk             |     5 |     6 ||    11
Armor: Robe              |    28 |    17 ||    45
       Ring mail         |       |   105 ||   105
Dodge: Dodged            |    65 |   128 ||   193
